 Dungeon Crawl Stone Soup version 0.29.1-2-gbd0b4ee654 (webtiles) character file.

Game seed: 6930928474122555962

92 firemarshallily the Trooper (level 4, -7/40 HPs)
             Began as a Ghoul Fighter on Nov 1, 2022.
             Mangled by a gnoll
             ... wielding a +0 halberd
              (8 damage)
             ... on level 3 of the Dungeon.
             The game lasted 00:04:09 (2889 turns).

firemarshallily the Trooper (Ghoul Fighter)         Turns: 2889, Time: 00:04:09

Health: -7/40      AC:  7    Str: 21    XL:     4   Next: 60%
Magic:  3/3        EV:  9    Int:  3    God:
Gold:   75         SH:  4    Dex:  8    Spells: 3/3 levels left

rFire   . . .      SeeInvis .     - Unarmed
rCold   + . .      Faith    .   b - +0 buckler
rNeg    + + +      Spirit   .   a - +0 scale mail
rPois   ∞          Reflect  .   d - +1 hat
rElec   .          Harm     .   (no cloak)
rCorr   .          Rampage  .   (no gloves)
Will    .....                   (no boots)
Stlth   ..........              (no amulet)
HPRegen 0.00/turn               g - ring of flight
MPRegen 0.08/turn               (no ring)

@: flying, inhibited regen
A: claws 1, cold resistance 1, negative energy resistance 3, inhibited
regeneration, torment resistance 2, devour on kill
a: no special abilities


You were on level 3 of the Dungeon.
You visited 1 branch of the dungeon, and saw 3 of its levels.

You collected 75 gold pieces.

Inventory:

Armour
 a - a +0 scale mail (worn)
 b - a +0 buckler (worn)
 d - a +1 hat (worn)
Jewellery
 g - a ring of flight (left claw)
Scrolls
 f - a scroll of butterflies {unknown}
 h - a scroll of noise {unknown}
 k - 3 scrolls of poison {unknown}
 l - a scroll of teleportation {unknown}
 m - a scroll of immolation {unknown}
 o - 2 scrolls of amnesia {unknown}
 p - a scroll of identify {unknown}
 q - 2 scrolls of enchant weapon {unknown}
Potions
 c - 2 potions of might
 e - 3 potions of curing {unknown}
 i - a potion of mutation {unknown}
 j - a potion of ambrosia {unknown}
 n - a potion of haste {unknown}


   Skills:
 + Level 3.9 Fighting
 + Level 3.1 Armour
 * Level 3.6 Shields
 + Level 3.0 Unarmed Combat


You had 3 spell levels left.
You didn't know any spells.
Your spell library was empty.

Dungeon Overview and Level Annotations

Branches:
Dungeon (3/15)

Altars:
Trog
Wu Jian


Innate Abilities, Weirdness & Mutations

You are immune to poison.
You have sharp fingernails.
Your flesh is cold resistant. (rC+)
You are immune to negative energy. (rN+++)
You do not regenerate when monsters are visible.
You are immune to unholy pain and torment.
You thrive by killing the living.


Message History

There is an open door here.
You scratch the kobold.
You kill the kobold!
You see here a +0 dagger.
An endoplasm comes into view.
The endoplasm quivers.
The endoplasm moves out of view.
An endoplasm and a giant cockroach come into view.
The endoplasm hits you but does no damage.
The endoplasm freezes you.
You are frozen.
You resist.
You claw the endoplasm!
You kill the endoplasm!
You block the giant cockroach's attack.
You claw the giant cockroach!
You kill the giant cockroach!
The gnoll shouts!
You hear a shout!
An orc comes into view. It is wielding a +0 hand axe.
The gnoll shouts!
The orc priest shouts!
The orc shouts!
The orc priest begins to cast a cantrip, but forgets the words!
The orc shouts!
You hear a shout!
The orc priest invokes the aid of Beogh against you.
Beogh smites you!
There is an open door here.
The gnoll hits you from afar with a +0 halberd.
You block the gnoll's attack.
You closely miss the gnoll. The gnoll hits you with a +0 halberd.
You scratch the gnoll.
The gnoll is moderately wounded.
The gnoll hits you with a +0 halberd!
* * * LOW HITPOINT WARNING * * *
The gnoll barely misses you. The gnoll hits you with a +0 club!
* * * LOW HITPOINT WARNING * * *
You completely miss the gnoll. The gnoll barely misses you.
The gnoll hits you with a +0 club.
* * * LOW HITPOINT WARNING * * *
You scratch the gnoll.
The gnoll is lightly wounded.
The gnoll hits you from afar with a +0 halberd!
You die...

## #.#.#..####### .
#...#......).#
#.#.#..#.###.### #####+##
#.#.#....# #.### #......#
#.....#..###.#..
#......##########.#.#...##.#<.
+...........o.....#.##........
#....<......#######...........
#...........g@.goo...........#
#######.....#####............#
#.....# #...##..###..>#
#.....# #...##......#.#
##.#######......######.#
#....#....o.............
#....#.....g............
#....#......###...####'#
.......#....#......# #...#
#...


You could see 2 gnolls and 2 orcs.

Vanquished Creatures
  4 adders (D:2)
  A worm (D:2)
  A dart slug (D:1)
  6 endoplasms
  2 giant cockroaches
  5 goblins
  5 hobgoblins
  4 kobolds
  3 quokkas
  6 ball pythons
  3 bats (D:1)
  2 frilled lizards
  6 rats
  A spectral hobgoblin (D:2)
49 creatures vanquished.

Notes
Turn   | Place    | Note
-------+----------+-------------------------------------------
     0 | D:1      | firemarshallily the Ghoul Fighter began the quest for the
                  | Orb.
     0 | D:1      | Reached XP level 1. HP: 19/19 MP: 0/0
   419 | D:1      | Reached XP level 2. HP: 19/26 MP: 1/1
  1176 | D:2      | Reached XP level 3. HP: 28/31 MP: 2/2
  1567 | D:2      | Found a faded altar of an unknown god.
  1682 | D:2      | Reached XP level 4. HP: 33/40 MP: 3/3
  1881 | D:2      | Found an ornate altar of the Wu Jian Council.
  2360 | D:3      | Found a bloodstained altar of Trog.
  2888 | D:3      | HP: 1/40 [gnoll/+0 club (2)]
  2889 | D:3      | Mangled by a gnoll

Illustrated notes

Levels and vault maps discovered:
D:1:      dpeg_arrival_tiny_b, layout_loops_ring, kennysheep_small_spiral,
          minmay_misc_feat_ornament, chequers_serial_rivers_large_b,
          minmay_tree_intersection
D:2:      layout_basic, basic_altar, dreamdust_ecumenical_altar_drowned_temple
D:3:      layout_basic, mainiacjoe_overflow_alcove_1

Skill      XL: |  1  2  3  4 |
---------------+-------------+-----
Shields        | 3 |  3.6
Armour         | 3 |  3.1
Unarmed Combat | 3 |  3.0
Fighting       | |  3.9

Action                   |  1- 3 |  4- 6 || total
-------------------------+-------+-------++-------
Melee: Unarmed           |   129 |    54 ||   183
Armor: Scale mail        |    43 |    19 ||    62
Dodge: Dodged            |    51 |    20 ||    71
Block: Buckler           |    31 |    12 ||    43
